 Dungeon Crawl Stone Soup version 0.22-a0-299-g43f9854 (webtiles) character file.

2194307 kuniqs the Slayer (level 26, 275/284 HPs)
             Began as a Deep Dwarf Fighter on Mar 25, 2018.
             Was the Champion of Makhleb.
             Escaped with the Orb
             ... and 3 runes!
             The game lasted 01:38:41 (42225 turns).

kuniqs the Slayer (Deep Dwarf Fighter)             Turns: 42225, Time: 01:38:41

Health: 275/284    AC: 35    Str: 29      XL:     26   Next: 52%
Magic:  0/18       EV: 29    Int:  9 (11) God:    Makhleb [******]
Gold:   5794       SH: 34    Dex: 16      Spells: 25/25 levels left

rFire    + + +     SeeInvis +   V - +9 broad axe (chop)
rCold    . . .     Gourm    .   A - +10 large shield of Ignorance {rN+ Int-4}
rNeg     + + +     Faith    .   C - +8 fire dragon scales "Rucer" {rF++ rC- rCorr Int+3}
rPois    .         Spirit   +   j - +2 hat of the Bear Spirit {Spirit, +Rage rN+ MR++}
rElec    +         Reflect  .   U - +2 cloak {+Inv}
rCorr    +         Harm     .   (no gloves)
MR       +++++                  Y - +2 pair of boots
Stlth    ..........             B - amulet of the Air {Inacc +Fly rElec EV+5 RMsl}
HPRegen  0.00/turn              P - ring "Xeupn" {rC+ rN+ Dex+4 SInv}
MPRegen  0.16/turn              y - ring of Neyntaf {+Fly rF+}

@: non-regenerating, repel missiles
A: damage resistance, heal wounds, antennae 1, talons 1, iridescent scales 1,
negative energy resistance 1, sense surroundings 3, screaming 1, no regeneration
0: Orb of Zot
}: 3/15 runes: decaying, serpentine, silver
a: Heal Wounds, Minor Destruction, Lesser Servant of Makhleb, Major Destruction,
Greater Servant of Makhleb, Renounce Religion, Evoke Berserk Rage, Evoke
Invisibility, Evoke Flight


You escaped.
You worshipped Makhleb.
Makhleb was exalted by your worship.
You were very full.

You visited 10 branches of the dungeon, and saw 50 of its levels.
You visited 1 ziggurat, and saw 6 of its levels.
You also visited: Labyrinth, Sewer, Ice Cave, Wizlab and Desolation.

You collected 7105 gold pieces.
You spent 1311 gold pieces at shops.

Inventory:

Hand Weapons
 V - a +9 broad axe of chopping (weapon)
Armour
 j - the +2 hat of the Bear Spirit (worn) {Spirit, +Rage rN+ MR++}
   (You bought it in a shop on level 2 of the Snake Pit)

   It protects you from negative energy.
   It affects your resistance to hostile enchantments.
   It lets you go berserk.
 A - the +10 large shield of Ignorance (worn) {rN+ Int-4}
   (You found it on level 1 of the Orcish Mines)

   It affects your intelligence (-4).
   It protects you from negative energy.
 C - the +8 fire dragon scales "Rucer" (worn) {rF++ rC- rCorr Int+3}
   (You found it on level 3 of the Elven Halls)

   It affects your intelligence (+3).
   It greatly protects you from fire.
   It makes you vulnerable to cold.
   It protects you from acid and corrosion.
 U - a +2 cloak of invisibility (worn)
 Y - a +2 pair of boots (worn)
Jewellery
 y - the ring of Neyntaf (right hand) {+Fly rF+}
   (You found it in a wizard's laboratory)

   [ring of flight]

   It protects you from fire.
   It lets you fly.
 B - the amulet of the Air (around neck) {Inacc +Fly rElec EV+5 RMsl}
   (You found it on level 3 of the Elven Halls)

   [amulet of inaccuracy]

   It reduces the accuracy of all your attacks.
   It affects your evasion (+5).
   It insulates you from electricity.
   It lets you fly.
   It protects you from missiles.
 P - the ring "Xeupn" (left hand) {rC+ rN+ Dex+4 SInv}
   (You found it in a labyrinth)

   [ring of see invisible]

   It affects your dexterity (+4).
   It protects you from cold.
   It protects you from negative energy.
   It lets you see invisible.
Wands
 a - a wand of scattershot (8)
 b - a wand of clouds (14)
 n - a wand of random effects (129)
 o - a wand of flame (104)
 p - a wand of iceblast (37)
 q - a wand of polymorph (41)
 H - a wand of acid (44)
 J - a wand of disintegration (53)
 L - a wand of paralysis (59)
 R - a wand of digging (51)
 S - a wand of enslavement (37)
Scrolls
 c - 2 scrolls of identify {@r1}
 e - 20 scrolls of remove curse {@r2}
 h - 22 scrolls of teleportation
 i - 6 scrolls of blinking
 l - 4 scrolls of enchant weapon
 r - 3 scrolls of summoning
 s - 5 scrolls of enchant armour
 u - 6 scrolls of fog
 v - 2 scrolls of silence
 M - 5 scrolls of fear
 Q - 5 scrolls of holy word
 T - 7 scrolls of immolation
Potions
 d - 4 potions of might
 g - a potion of berserk rage
 m - 7 potions of cancellation
 w - 15 potions of curing {@q1}
 x - 8 potions of flight
 z - 5 potions of heal wounds
 D - a potion of resistance
 E - a potion of ambrosia
 F - 9 potions of haste
 I - 3 potions of invisibility
 N - 5 potions of agility
 X - 3 potions of mutation
Comestibles
 f - 67 rations


   Skills:
 + Level 25.9 Fighting
 - Level 18.0 Axes
 - Level 20.0 Armour
 - Level 20.0 Dodging
 - Level 20.0 Shields
 - Level 14.0 Invocations


You had 25 spell levels left.
You didn't know any spells.

Dungeon Overview and Level Annotations

Branches:
Dungeon (15/15)            Temple (1/1) D:5            Lair (6/6) D:9
  Swamp (4/4) Lair:3        Snake (4/4) Lair:4        Slime (0/5) Lair:6
    Orc (2/2) D:12            Elf (3/3) Orc:2        Vaults (5/5) D:14
  Crypt (0/3) Vaults:3     Depths (5/5) D:15            Zot (5/5) Depths:5

Altars:
Ashenzari
Cheibriados
Gozag
Hepliaklqana
Makhleb
Nemelex Xobeh
Okawaru
Qazlal
Sif Muna
Trog
Yredelemnul
Zin
The Shining One
Jiyva

Shops:
D:5 (   Orc:2 [*(:[   Snake:2 ([   Vaults:5 :[[*   Depths:5 }}=

Portals:
Hell: Depths:1 Depths:2 Depths:5
Pandemonium: Depths:2

Annotations:
D:14 1 runed door
Lair:4 exclusion: 4 oklob plants
Orc:1 1 runed door, exclusion: 4 orange crystal statues
Elf:2 3 runed doors


Innate Abilities, Weirdness & Mutations

You are resistant to damage.
You can heal yourself by infusing magical energy.
You resist negative energy. (rN+)
You passively map a large area around you.
You do not regenerate.
You have a pair of small antennae on your head.
You have sharp toenails.
You are partially covered in iridescent scales. (AC +2)
You occasionally shout uncontrollably at your foes.


Message History

The Executioner misses you. x2
The Executioner hits you but does no damage.
You slice the Executioner!! You block the Executioner's attack.
The Executioner hits you. The Executioner barely misses you.
The Executioner gestures at you. You resist with almost no effort.
You completely miss the Executioner. You block the Executioner's attack. x4
The Executioner completely misses you. The Executioner hits you.
The Executioner completely misses you. x2; The Executioner barely misses you.
You completely miss the Executioner. You block the Executioner's attack. x5
The Executioner hits you but does no damage.
You slice the Executioner!!
You kill the Executioner!
Makhleb accepts your kill.
You feel better.
No target in view!
No target in view!
No target in view!
There is a staircase leading out of the dungeon here.
You have escaped!

#..#####..>......# #.#
...#
#...#.###.######.#######
...#
#..............).......###
.#.#
#.#............#.#####.##.
.#.#####.#...#.....#..#.#
#.##.
.#..........##8###8##.#.#
#.##.
.#...........#........#.#
#.##.
.##.#.###....#.....#..#.#
#.##. ......#
#....#..@..#..#.# #.##.
###.#####....#.....#..#.#
#....
...................#..#.#
###.#
....###.###.##8###8##.#.#
#.# ##..##.##
#..#.....#..#.# #)#
...>...# #...........#.#
#.# .#####.##
#..##########.# #.# .#
#..###.## #.# #.# ##
#.#...## #.# #.#


There were no monsters in sight!

Vanquished Creatures
  7 orbs of fire
  5 ancient liches (Zot:5)
  Sojobo (Vaults:4)
  Saint Roka (Vaults:5)
  Boris (Depths:3)
  5 Killer Klowns
  3 golden dragons
  A bone dragon (Swamp:4)
  3 electric golems
  A Tzitzimitl (D:10)
  Jorgrun (Vaults:4)
  A Cloud Mage (WizLab)
  3 liches
  10 tentacled monstrosities
  4 deep elf blademasters (Elf:3)
  A quicksilver dragon (shapeshifter) (Vaults:5)
  5 titans (Vaults:5)
  26 Orb Guardians
  A deep elf master archer (Elf:3)
  2 death cobs
  An Executioner (D:1)
  An ancient champion (Zig:3)
  7 storm dragons
  Kirke (Swamp:3)
  2 sphinxes (Vaults:5)
  A thorn hunter (Swamp:4)
  12 tengu reavers
  7 shadow dragons
  13 nagarajas
  Donald (Vaults:1)
  A daeva (D:14)
  3 draconian knights
  4 fire giants
  17 vault wardens
  An iron dragon (Vaults:5)
  2 orc warlords
  9 deep elf sorcerers
  5 imperial myrmidons (Desolation)
  2 draconian scorchers (Zot:3)
  4 frost giants
  A draconian stormcaller (Zot:4)
  A ghost moth (Zot:5)
  A reaper (Zig:2)
  17 ironheart preservers
  A draconian annihilator (Zot:3)
  6 deep elf elementalists (Elf:3)
  17 very ugly things
  A draconian shifter (Depths:5)
  2 war gargoyles (Vaults:5)
  A corrupter (D:11)
  2 vampire knights
  2 entropy weavers (Vaults:4)
  The ghost of Amnesiac the Fighter, a journeyman DgWz (D:13)
  16 stone giants
  7 deep elf demonologists
  4 black draconians
  3 green draconians
  A red draconian (Zot:5)
  12 deep elf annihilators
  4 purple draconians
  4 spark wasps (WizLab)
  5 white draconians
  3 yellow draconians
  4 deep elf death magi
  2 halazid warlocks (Desolation)
  A crystal guardian (Desolation)
  The ghost of vishdafish the Blocker, a journeyman GrFi of Kikubaaqudgha (Orc:2)
  2 mummy priests (Zig:5)
  7 ettins
  12 fire dragons
  5 blizzard demons
  13 yaktaur captains
  4 deep elf high priests
  6 ragged hierophants (Desolation)
  5 great orbs of eyes
  Harold (D:12)
  20 ogre magi
  4 servants of whispers (Desolation)
  7 ice dragons
  29 vault guards
  3 peacekeepers (Desolation)
  20 naga warriors
  7 ghost crabs
  14 hydras
  4 rakshasas
  2 death knights
  3 spriggan air magi
  8 anacondas
  9 centaur warriors
  66 two-headed ogres
  8 deep troll shamans
  17 dancing weapons
  4 alligators
  10 deep troll earth magi
  2 small abominations
  7 death yaks
  3 tengu warriors
  An orc high priest (Orc:2)
  12 shock serpents
  19 naga sharpshooters
  18 deep elf knights
  A storm dragon zombie (Vaults:2)
  5 hell knights (Depths:5)
  3 iron trolls
  A shadow wraith (Zig:3)
  2 skeletal warriors
  2 fire crabs (WizLab)
  A sixfirhy (D:12)
  10 sea snakes
  3 salamander mystics
  A storm dragon skeleton (Vaults:4)
  A torturous demonspawn (D:11)
  A sea snake (shapeshifter) (Depths:3)
  A deep troll (shapeshifter) (Vaults:2)
  A large abomination (Elf:3)
  3 unseen horrors
  2 spriggan druids
  A flayed ghost (Depths:1)
  4 wizards
  An infernal demonspawn (D:11)
  3 glowing orange brains
  2 shambling mangroves
  4 spectral hydras (Swamp:4)
  7 naga ritualists
  13 deep elf archers
  45 deep trolls
  5 swamp dragons
  A tengu zombie (Zig:5)
  16 ironbrand convokers
  5 phantasmal warriors
  6 wolf spiders
  15 mana vipers
  A swamp dragon (shapeshifter) (Elf:2)
  6 necromancers
  32 ugly things
  13 orc sorcerers
  An orb spider (shapeshifter) (Vaults:4)
  16 orc knights
  7 cyclopes
  57 deep elf magi
  3 manticores (shapeshifter)
  A sphinx skeleton (Vaults:2)
  A harpy (Vaults:1)
  3 manticores
  A cyclops (shapeshifter) (Vaults:1)
  22 salamanders
  A tengu skeleton (Vaults:4)
  An elephant (shapeshifter) (D:14)
  9 moths of wrath
  A rust devil (D:10)
  2 centaur zombies (D:15)
  16 elephants
  A black mamba (shapeshifter) (Elf:2)
  32 black mambas
  13 guardian serpents
  A fire giant skeleton (Vaults:4)
  A smoke demon (D:6)
  14 spiny frogs
  A spiny frog (shapeshifter) (Vaults:5)
  18 vault sentinels
  2 frost giant skeletons
  25 naga magi
  An ice statue (IceCv)
  A stone giant skeleton (Vaults:2)
  4 apocalypse crabs (WizLab)
  An orange demon (D:11)
  A gargoyle (D:10)
  A torpor snail (Lair:6)
  An efreet (D:13)
  2 swamp worm zombies (Swamp:4)
  A tormentor (Zig:4)
  9 komodo dragons
  9 freezing wraiths
  36 yaktaurs
  3 tengu conjurers
  4 ice devils
  A hellwing (D:6)
  2 guardian mummies (Zig:5)
  5 trolls
  A yaktaur (shapeshifter) (Vaults:5)
  5 tyrant leeches
  2 jumping spiders (shapeshifter)
  A polar bear (shapeshifter) (Elf:2)
  2 wind drakes (shapeshifter)
  3 hydra zombies (Swamp:4)
  A meliai (shapeshifter) (Vaults:3)
  A wind drake (WizLab)
  8 hornets
  13 polar bears
  A raiju (shapeshifter) (Vaults:1)
  10 hippogriffs
  A spectral swamp dragon (Swamp:4)
  A hippogriff (shapeshifter) (Vaults:5)
  19 blink frogs
  8 bog bodies
  10 dream sheep (Lair:6)
  An ettin zombie (Vaults:2)
  40 saltlings (Desolation)
  2 blink frogs (shapeshifter) (Elf:1)
  3 alligator zombies (Swamp:4)
  17 slime creatures
  A stone giant simulacrum (Vaults:2)
  15 air elementals
  A flying skull (Zig:5)
  2 shadows (Lab)
  4 water elementals
  3 hogs (shapeshifter)
  A redback (shapeshifter) (Elf:2)
  A wyvern (D:15)
  2 spriggans (Swamp:4)
  A human (D:9)
  6 redbacks
  6 wraiths
  3 hungry ghosts
  3 basilisks
  51 yaks
  9 hogs
  A golden eye (D:4)
  A golden eye (shapeshifter) (D:15)
  The ghost of Karim the Insei, an amateur GnTm (D:3)
  23 vampire mosquitoes
  2 soldier ants
  Menkaure (D:4)
  A yaktaur simulacrum (Vaults:4)
  5 insubstantial wisps (Swamp:4)
  71 nagas
  9 wargs
  18 swamp worms
  4 acid dragons
  9 water moccasins
  A porcupine (shapeshifter) (Vaults:2)
  8 porcupines
  4 sky beasts
  4 swamp drakes
  7 ice beasts
  49 orc warriors
  2 black bears
  An eye of draining (shapeshifter) (Vaults:4)
  A black bear (shapeshifter) (Vaults:5)
  4 necrophages
  17 wolves
  10 boggarts
  3 eyes of draining
  6 phantoms
  A tengu (D:6)
  35 ogres
  18 centaurs
  4 swamp dragon zombies (Swamp:4)
  7 crocodiles
  3 big kobolds
  2 elf zombies (D:11)
  20 bullfrogs
  A human skeleton (Vaults:4)
  A gnoll sergeant (D:9)
  5 earth elementals
  7 scorpions
  10 killer bees
  11 wights
  A human simulacrum (Vaults:2)
  2 howler monkeys
  4 electric eels
  6 crimson imps
  7 human zombies
  A quasit (Depths:2)
  14 hounds
  30 orc priests
  3 bullfrog skeletons
  A gnoll shaman (D:9)
  4 jellies
  39 orc wizards
  6 centaur skeletons
  3 iguanas
  Ijyb (D:4)
  13 worker ants
  A centaur simulacrum (D:12)
  2 hound zombies
  A hound skeleton (D:9)
  5 mummies (Zig:5)
  10 gnolls
  13 adders
  3 swamp drake zombies (Swamp:4)
  4 shadow imps
  14 white imps
  An ufetubus (D:12)
  2 oozes
  An adder zombie (D:9)
  2 adder skeletons (D:4)
  4 worms
  2 dart slugs
  4 leopard geckos
  133 orcs
  A ball python (D:5)
  6 giant cockroaches
  5 goblins
  5 hobgoblins
  11 jackals
  17 kobolds
  4 quokkas
  12 bats
  2 frilled lizards
  An orc skeleton (D:11)
  2 orc zombies
  A quokka skeleton (D:4)
  5 rats
  2 crawling corpses (Elf:3)
  3 fire vortices (D:10)
  5 fungi
  6 plants
2270 creatures vanquished.

Vanquished Creatures (collateral kills)
  3 orc warlords
  Aizul (Snake:1)
  A minotaur (Lab)
  2 orc high priests (Orc:2)
  A shock serpent (Snake:3)
  A naga sharpshooter (Snake:3)
  An orc knight (Orc:2)
  An oklob plant (Lair:6)
  4 ugly things (D:14)
  An orc sorcerer (Orc:2)
  A wolf spider (Orc:1)
  A tarantella (Orc:1)
  6 redbacks
  3 wargs (Orc:1)
  12 orc warriors
  2 ogres (Orc:1)
  A hound (D:14)
  9 orc priests
  6 orc wizards
  10 orcs
67 creatures vanquished.

Vanquished Creatures (others)
  A pandemonium lord (D:10)
  A deep elf master archer (Elf:3)
  3 ghost crabs (WizLab)
  A spriggan air mage (WizLab)
  A two-headed ogre (Depths:2)
  A vampire mage (Depths:1)
  A shock serpent (WizLab)
  A fire crab (WizLab)
  A death drake (WizLab)
  A deep elf archer (Elf:2)
  A shadow demon (D:11)
  2 deep elf magi (Elf:3)
  A spiny frog (Swamp:4)
  A polar bear (IceCv)
  2 wind drakes (WizLab)
  A tengu conjurer (Depths:1)
  2 blink frogs (Swamp:4)
  An air elemental (Elf:3)
  4 insubstantial wisps (Swamp:4)
  An orc warrior (Vaults:5)
  2 wights (D:10)
  An orc (Orc:2)
  4 fungi
  22 plants
57 creatures vanquished.

Grand Total: 2394 creatures vanquished

Notes
Turn   | Place    | Note
-------+----------+-------------------------------------------
     0 | D:1      | kuniqs the Deep Dwarf Fighter began the quest for the Orb.
     0 | D:1      | Reached XP level 1. HP: 20/20 MP: 1/1
   400 | D:1      | You fall through a shaft!
   414 | D:2      | Reached XP level 2. HP: 20/27 MP: 2/2
   439 | D:2      | Reached skill level 1 in Dodging
   757 | D:2      | Reached XP level 3. HP: 21/33 MP: 3/3
   772 | D:2      | Reached skill level 3 in Fighting
   951 | D:2      | Found a shattered altar of Ashenzari.
   961 | D:2      | Saw a vision of the Swamp and the Snake Pit.
   961 | D:2      | Noticed a mana viper
   961 | D:2      | Noticed a black mamba
   961 | D:2      | Noticed a salamander
   961 | D:2      | Noticed a salamander
   961 | D:2      | Noticed a naga mage
   961 | D:2      | Noticed a shock serpent
   961 | D:2      | Noticed a naga
   961 | D:2      | Noticed an alligator
   961 | D:2      | Noticed an alligator
   961 | D:2      | Noticed an alligator
   961 | D:2      | Noticed a water moccasin
   961 | D:2      | Noticed an alligator
   962 | D:2      | Noticed an anaconda
   962 | D:2      | Noticed a salamander
   963 | D:2      | Noticed a swamp drake
   964 | D:2      | Noticed an alligator
  1070 | D:2      | Reached XP level 4. HP: 30/42 MP: 4/4
  1283 | D:3      | Noticed Karim's ghost (amateur GnTm)
  1566 | D:3      | Reached XP level 5. HP: 48/49 MP: 5/5
  1887 | D:4      | Found a burning altar of Makhleb.
  1887 | D:4      | Noticed a cacodemon
  1890 | D:4      | Found a glowing silver altar of Zin.
  1890 | D:4      | Noticed an angel
  1893 | D:4      | Became a worshipper of Makhleb the Destroyer
  1942 | D:4      | Noticed Ijyb
  2070 | D:4      | Reached skill level 1 in Invocations
  2118 | D:4      | Reached XP level 6. HP: 50/56 MP: 5/7
  2131 | D:4      | Noticed a golden eye
  2131 | D:4      | an ogre changed into a golden eye
  2633 | D:4      | Killed a golden eye
  2633 | D:4      | Reached * piety under Makhleb
  2714 | D:4      | Reached XP level 7. HP: 62/63 MP: 7/7
  2961 | D:5      | Entered Level 5 of the Dungeon
  2992 | D:5      | Reached skill level 4 in Fighting
  2992 | D:5      | Reached skill level 5 in Shields
  3020 | D:5      | Reached skill level 5 in Armour
  3034 | D:5      | Found a staircase to the Ecumenical Temple.
  3048 | Temple   | Entered the Ecumenical Temple
  3217 | D:5      | Found Nusor's Weapon Shoppe.
  3285 | D:5      | Reached XP level 8. HP: 53/73 MP: 9/9
  3294 | D:5      | Found a glowing golden altar of the Shining One.
  3294 | D:5      | Found a bloodstained altar of Trog.
  3294 | D:5      | Found a stormy altar of Qazlal.
  3322 | D:5      | Found a shattered altar of Ashenzari.
  3392 | D:5      | Found a hazy altar of Hepliaklqana.
  3520 | D:6      | Reached skill level 5 in Axes
  3651 | D:6      | Identified a scroll of acquirement
  3710 | D:6      | Found a glowing drain.
  3765 | Sewer    | Entered a sewer
  3837 | Sewer    | Reached ** piety under Makhleb
  3856 | Sewer    | Found a white marble altar of Elyvilon.
  4219 | D:6      | Reached skill level 5 in Fighting
  4219 | D:6      | Reached skill level 5 in Invocations
  4281 | D:6      | Reached skill level 5 in Dodging
  4533 | D:7      | Gained mutation: You passively map the area around you. [Deep Dwarf growth]
  4533 | D:7      | Reached XP level 9. HP: 54/81 MP: 10/12
  4733 | D:7      | Reached *** piety under Makhleb
  4859 | D:7      | Found the +7 Singing Sword
  5760 | D:8      | Reached skill level 6 in Fighting
  5779 | D:8      | Reached **** piety under Makhleb
  6228 | D:9      | Reached XP level 10. HP: 76/91 MP: 13/13
  6266 | D:9      | Noticed an elephant
  6307 | D:9      | Killed an elephant
  6722 | D:9      | Found a staircase to the Lair.
  7038 | D:10     | Entered Level 10 of the Dungeon
  7038 | D:10     | Noticed a gargoyle
  7058 | D:10     | Killed a gargoyle
  7114 | D:10     | Noticed a two-headed ogre
  7149 | D:10     | Killed a two-headed ogre
  7152 | D:10     | Noticed a two-headed ogre
  7161 | D:10     | Killed a two-headed ogre
  7161 | D:10     | Reached skill level 7 in Fighting
  7161 | D:10     | Reached XP level 11. HP: 100/100 MP: 15/15
  7258 | D:10     | Noticed a two-headed ogre
  7277 | D:10     | Reached ***** piety under Makhleb
  7284 | D:10     | Killed a two-headed ogre
  7365 | D:10     | Found a sparkling altar of Nemelex Xobeh.
  7650 | D:11     | Noticed a green ugly thing
  7660 | D:11     | Killed a green ugly thing
  7929 | D:11     | Found a snail-covered altar of Cheibriados.
  8135 | D:11     | Found a basalt altar of Yredelemnul.
  8369 | D:4      | Noticed Menkaure
  8374 | D:4      | Killed Menkaure
  8560 | D:4      | Killed Ijyb
  8676 | D:3      | Killed Karim's ghost
  8877 | Lair:1   | Entered Level 1 of the Lair of Beasts
  8884 | Lair:1   | Noticed a five-headed hydra
  8897 | Lair:1   | Killed a one-headed hydra
  9144 | Lair:1   | Reached skill level 10 in Invocations
  9193 | Lair:1   | Reached skill level 8 in Fighting
  9281 | Lair:1   | Reached XP level 12. HP: 67/110 MP: 17/17
  9579 | Lair:2   | Noticed a four-headed hydra
  9588 | Lair:2   | Killed a one-headed hydra
  9912 | Lair:2   | Reached skill level 10 in Armour
 10410 | Lair:3   | Found a staircase to the Swamp.
 10421 | Lair:3   | Reached skill level 10 in Shields
 10454 | Lair:3   | Found a labyrinth entrance.
 10463 | Lab      | Entered a labyrinth
 10645 | Lab      | Noticed a minotaur
 10664 | Lab      | Killed a minotaur
 10675 | Lab      | Got a glittering jade ring
 10801 | Lair:3   | Noticed an eight-headed hydra
 10815 | Lair:3   | Killed a one-headed hydra
 10815 | Lair:3   | Reached skill level 10 in Axes
 10862 | Lair:3   | Identified the ring "Xeupn" {rC+ rN+ Dex+4 SInv} (You found it in a labyrinth)
 11443 | Lair:4   | Noticed a six-headed hydra
 11455 | Lair:4   | Killed a one-headed hydra
 11557 | Lair:4   | Noticed a four-headed hydra
 11565 | Lair:4   | Killed a one-headed hydra
 11587 | Lair:4   | Reached skill level 9 in Fighting
 11667 | Lair:4   | Found a staircase to the Snake Pit.
 11683 | Lair:4   | Reached XP level 13. HP: 121/121 MP: 18/18
 11803 | Lair:4   | Reached skill level 10 in Dodging
 11965 | Lair:4   | Reached ****** piety under Makhleb
 13277 | Lair:6   | Entered Level 6 of the Lair of Beasts
 13342 | Lair:6   | Found a frozen archway.
 13366 | IceCv    | Entered an ice cave
 13825 | IceCv    | Noticed a frost giant
 13843 | IceCv    | Killed a frost giant
 14017 | Lair:6   | Gained mutation: You resist negative energy. (rN+) [Deep Dwarf growth]
 14017 | Lair:6   | Reached XP level 14. HP: 86/130 MP: 20/20
 14029 | Lair:6   | Reached skill level 10 in Fighting
 14210 | Lair:6   | Got a scorched ring mail
 14560 | Lair:6   | Got a twitching crystal amulet
 14570 | Lair:6   | Identified the amulet "Ruffut" {Gourm Fragile +Fly Str-5 Dex+10} (You found it on level 6 of the Lair of Beasts)
 14635 | Lair:6   | Found a viscous altar of Jiyva.
 14635 | Lair:6   | Found a staircase to the Slime Pits.
 15493 | D:12     | Found a runed door.
 15858 | D:12     | Found a staircase to the Orcish Mines.
 15893 | D:12     | Noticed Harold
 15900 | D:12     | Killed Harold
 16244 | Orc:1    | Entered Level 1 of the Orcish Mines
 16378 | Orc:1    | Noticed an orc warlord
 16398 | Orc:1    | Killed an orc warlord
 16605 | Orc:1    | Found a runed door.
 16637 | Orc:1    | Found the +10 large shield of Ignorance {rN+ Int-4}
 16663 | Orc:1    | Noticed an orc warlord
 16668 | Orc:1    | Noticed a cacodemon
 16690 | Orc:1    | Noticed an orc warlord
 16701 | Orc:1    | Killed an orc warlord
 16766 | Orc:2    | Entered Level 2 of the Orcish Mines
 16851 | Orc:2    | Found Dalutuc's Antique Armour Shoppe.
 16891 | Orc:2    | Found a bloodstained altar of Trog.
 17115 | Orc:2    | Found a staircase to the Elven Halls.
 17165 | Orc:2    | Noticed an orc warlord
 17169 | Orc:2    | Noticed a balrug
 17175 | Orc:2    | Noticed vishdafish's ghost (journeyman GrFi)
 17208 | Orc:2    | Killed vishdafish's ghost
 17277 | Orc:1    | Killed an orc warlord
 17460 | Orc:1    | Found a runed door.
 17791 | Orc:2    | Killed an orc warlord
 17912 | Orc:2    | Found Givvuyss's General Store.
 17913 | Orc:2    | Found Meafikh's Book Emporium.
 17914 | Orc:2    | Found Exze's Antique Armour Shoppe.
 17914 | Orc:2    | Found Foepioro's Antique Weapon Shoppe.
 17930 | Orc:2    | Bought a scroll of teleportation for 54 gold pieces
 17930 | Orc:2    | Bought a scroll of teleportation for 54 gold pieces
 18022 | Orc:2    | Reached XP level 15. HP: 117/140 MP: 19/19
 18825 | D:13     | You fall through a shaft for 2 floors!
 18825 | D:15     | Entered Level 15 of the Dungeon
 18966 | D:15     | Found a staircase to the Depths.
 19001 | D:15     | Reached skill level 11 in Fighting
 19901 | D:14     | Identified the +2 ring mail of Happy Babbling {rElec rPois MP+9 Int+4} (You found it on level 6 of the Lair of Beasts)
 19907 | D:14     | Found a glowing golden altar of the Shining One.
 19907 | D:14     | Noticed a daeva
 19908 | D:14     | Found a runed door.
 19965 | D:14     | Killed a daeva
 19967 | D:14     | Got a translucent large shield
 20288 | D:14     | Found a gate to the Vaults.
 20364 | D:14     | Reached XP level 16. HP: 151/151 MP: 19/19
 20798 | D:13     | Found an opulent altar of Gozag.
 20941 | D:13     | Noticed Amnesiac's ghost (journeyman DgWz)
 21005 | D:13     | Killed Amnesiac's ghost
 21307 | Snake:1  | Entered Level 1 of the Snake Pit
 21375 | Snake:1  | Identified the +2 large shield of the Doldrums {Str+4 Int+2} (You took it off a daeva on level 14 of the Dungeon)
 21382 | Snake:1  | You fall through a shaft!
 21382 | Snake:2  | Found Rynwiuhe's Antique Weapon Emporium.
 21500 | Snake:2  | Found Taet's Armour Emporium.
 21526 | Snake:2  | Bought the +2 hat of the Bear Spirit {Spirit, +Rage rN+ MR++} for 508 gold pieces
 21526 | Snake:2  | Found the +2 hat of the Bear Spirit {Spirit, +Rage rN+ MR++}
 21526 | Snake:2  | Bought a +1 cloak of invisibility for 214 gold pieces
 21526 | Snake:2  | Bought a +2 plate armour of poison resistance for 481 gold pieces
 21741 | Snake:1  | Noticed Aizul
 21751 | Snake:1  | Killed Aizul
 21751 | Snake:1  | Reached skill level 12 in Fighting
 22718 | Snake:2  | You fall through a shaft!
 23109 | Snake:3  | Reached XP level 17. HP: 162/162 MP: 0/19
 23820 | Snake:4  | Entered Level 4 of the Snake Pit
 23992 | Snake:4  | Reached skill level 15 in Armour
 24043 | Snake:4  | Reached skill level 15 in Shields
 24051 | Snake:4  | Reached skill level 13 in Fighting
 24218 | Snake:4  | Reached skill level 15 in Axes
 24431 | Snake:4  | Reached skill level 15 in Dodging
 24608 | Snake:4  | Gained mutation: You passively map a large area around you. [Deep Dwarf growth]
 24608 | Snake:4  | Reached XP level 18. HP: 157/171 MP: 0/17
 25013 | Snake:4  | Got a serpentine rune of Zot
 25228 | Swamp:1  | Entered Level 1 of the Swamp
 25407 | Swamp:1  | Noticed a tentacled monstrosity
 25419 | Swamp:1  | Killed a tentacled monstrosity
 26516 | Swamp:3  | Noticed Kirke
 26555 | Swamp:3  | Killed Kirke
 27127 | Swamp:4  | Entered Level 4 of the Swamp
 27372 | Swamp:4  | Noticed a bone dragon
 27406 | Swamp:4  | Killed a bone dragon
 27416 | Swamp:4  | Got a decaying rune of Zot
 28397 | Elf:1    | Entered Level 1 of the Elven Halls
 28544 | Elf:1    | Reached skill level 14 in Fighting
 28662 | Elf:1    | Reached XP level 19. HP: 179/181 MP: 0/16
 29734 | Elf:2    | Found a runed gate.
 29734 | Elf:2    | Found a runed gate.
 29734 | Elf:2    | Found a runed gate.
 29808 | Elf:3    | Entered Level 3 of the Elven Halls
 29822 | Elf:3    | Found a deep blue altar of Sif Muna.
 30473 | Elf:3    | Gained mutation: You have an increased reservoir of magic. (+10% MP) [a cacodemon]
 30474 | Elf:3    | Lost mutation: You have an increased reservoir of magic. (+10% MP) [a cacodemon]
 30504 | Elf:3    | Got a clouded glass ring
 30550 | Elf:3    | Identified the ring of Keoptead {rPois rC- rN+++ Int+4 Stlth+} (You took it off a deep elf demonologist on level 3 of the Elven Halls)
 30645 | Elf:3    | Found the amulet of the Air {Inacc +Fly rElec EV+5 RMsl}
 30677 | Elf:3    | Found the +2 Maxwell's thermic engine {flame, freeze, rF- rC-}
 30731 | Elf:3    | Got blackened fire dragon scales
 30753 | Elf:3    | Identified the +8 fire dragon scales "Rucer" {rF++ rC- rCorr Int+3} (You found it on level 3 of the Elven Halls)
 30948 | Elf:3    | Reached XP level 20. HP: 191/191 MP: 0/17
 31456 | Vaults:1 | Entered Level 1 of the Vaults
 31536 | Vaults:1 | Found a ruined gateway.
 31543 | Desolati | Entered the Desolation of Salt
 31667 | Desolati | Identified the Grimoire of the Shifting Oath
 31740 | Desolati | Found the +9 heavy crossbow "Sniper" {velocity, Acc+∞ SInv}
 31778 | Desolati | Reached skill level 15 in Fighting
 31979 | Desolati | Got a bound platinum amulet
 32649 | Vaults:1 | Got a scintillating wooden ring
 32727 | Vaults:1 | Reached XP level 21. HP: 201/201 MP: 0/18
 32842 | Vaults:1 | Noticed Donald
 32852 | Vaults:1 | Killed Donald
 33125 | Vaults:2 | Identified the amulet "Ickehay" {Inacc MR++} (You found it in the Desolation of Salt)
 33359 | Vaults:2 | Identified the ring "Rioneuw" {+Inv rPois rN+ Int-5 Stlth+} (You found it on level 1 of the Vaults)
 34375 | Vaults:2 | Reached skill level 16 in Fighting
 34604 | Vaults:3 | Found a staircase to the Crypt.
 35647 | Vaults:4 | Reached XP level 22. HP: 212/212 MP: 0/19
 35789 | Vaults:4 | Noticed Sojobo
 35816 | Vaults:4 | Noticed Jorgrun
 35836 | Vaults:4 | Killed Sojobo
 35848 | Vaults:4 | Killed Jorgrun
 36965 | Vaults:5 | Entered Level 5 of the Vaults
 37258 | Vaults:5 | Reached skill level 17 in Fighting
 37490 | Vaults:5 | Reached XP level 23. HP: 223/223 MP: 0/20
 37655 | Vaults:5 | Noticed Saint Roka
 37665 | Vaults:5 | Reached skill level 18 in Fighting
 37691 | Vaults:5 | Killed Saint Roka
 37984 | Vaults:5 | Found Jifeneiff's Antique Armour Boutique.
 37984 | Vaults:5 | Found Uculloex's Antique Armour Boutique.
 37988 | Vaults:5 | Found Qeuckitos's Book Shoppe.
 38267 | Vaults:5 | Got a silver rune of Zot
 38595 | Vaults:5 | Found Alodwuez's General Store.
 38774 | Depths:1 | Entered Level 1 of the Depths
 38795 | Depths:1 | Reached skill level 19 in Fighting
 38880 | Depths:1 | Identified the +1 chain mail of Hedge Wizardry {*Drain rF+ Regen+ Dex+5} (You found it on level 1 of the Depths)
 38949 | Depths:1 | Found a gateway to a ziggurat.
 38986 | Zig:1    | Entered Level 1 of a ziggurat
 39012 | Zig:2    | Entered Level 2 of a ziggurat
 39060 | Zig:3    | Entered Level 3 of a ziggurat
 39092 | Zig:4    | Entered Level 4 of a ziggurat
 39131 | Zig:5    | Entered Level 5 of a ziggurat
 39171 | Zig:5    | Identified the cursed +1 chain mail of the Blind Marksman {*Slow rF+ Str+3 Stlth+} (You found it on level 5 of a ziggurat)
 39174 | Zig:6    | Entered Level 6 of a ziggurat
 39197 | Zig:6    | Reached XP level 24. HP: 239/239 MP: 0/20
 39376 | Depths:1 | Found a gateway to Hell.
 39552 | Depths:2 | Found a one-way gate leading to the halls of Pandemonium.
 39610 | Depths:2 | Reached skill level 20 in Fighting
 39919 | Depths:3 | Noticed Boris
 39946 | Depths:3 | Killed Boris
 39946 | Depths:3 | Reached skill level 21 in Fighting
 39954 | Depths:3 | Found a magical portal.
 39963 | WizLab   | Entered The Chambers of the Cloud Mage
 40220 | WizLab   | Identified the Papyrus of Flight
 40227 | WizLab   | Got a glittering jade ring
 40229 | WizLab   | Identified the ring of Neyntaf {+Fly rF+} (You found it in a wizard's laboratory)
 40405 | Depths:5 | Entered Level 5 of the Depths
 40573 | Depths:5 | Found an iron altar of Okawaru.
 40574 | Depths:5 | Found a gate to the Realm of Zot.
 40614 | Depths:5 | Reached skill level 22 in Fighting
 40651 | Depths:5 | Found Ugeedaj's Jewellery Emporium.
 40651 | Depths:5 | Found Gammo's Gadget Shop.
 40652 | Depths:5 | Found Laesuol's Gadget Shop.
 40694 | Zot:1    | Entered Level 1 of the Realm of Zot
 40872 | Zot:4    | Reached XP level 25. HP: 262/262 MP: 0/18
 40954 | Zot:4    | Noticed an orb of fire
 40971 | Zot:4    | Killed an orb of fire
 41032 | Zot:4    | Reached skill level 23 in Fighting
 41057 | Zot:5    | Entered Level 5 of the Realm of Zot
 41213 | Zot:5    | Noticed an orb of fire
 41225 | Zot:5    | Killed an orb of fire
 41228 | Zot:5    | Noticed an orb of fire
 41232 | Zot:5    | Gained mutation: You are weak. (Str -2) [an orb of fire]
 41237 | Zot:5    | Killed an orb of fire
 41243 | Zot:5    | Noticed an ancient lich
 41247 | Zot:5    | Killed an ancient lich
 41250 | Zot:5    | Noticed an orb of fire
 41260 | Zot:5    | Killed an orb of fire
 41261 | Zot:5    | Noticed an orb of fire
 41273 | Zot:5    | Killed an orb of fire
 41273 | Zot:5    | Reached skill level 24 in Fighting
 41274 | Zot:5    | Noticed an ancient lich
 41279 | Zot:5    | Killed an ancient lich
 41319 | Zot:5    | Noticed an ancient lich
 41326 | Zot:5    | Killed an ancient lich
 41413 | Zot:5    | Reached XP level 26. HP: 280/280 MP: 0/18
 41424 | Zot:5    | Noticed an ancient lich
 41424 | Zot:5    | Noticed an orb of fire
 41425 | Zot:5    | Gained mutation: Scrolls take you a little longer to read. [an orb of fire]
 41433 | Zot:5    | Gained mutation: Potions are less effective at restoring your health. [an orb of fire]
 41435 | Zot:5    | Noticed an ancient lich
 41446 | Zot:5    | Gained mutation: You are dopey. (Int -2) [an orb of fire]
 41447 | Zot:5    | Killed an ancient lich
 41447 | Zot:5    | Reached skill level 25 in Fighting
 41449 | Zot:5    | Killed an ancient lich
 41450 | Zot:5    | Gained mutation: You are frail. (-10% HP) [an orb of fire]
 41452 | Zot:5    | Killed an orb of fire
 41507 | Zot:5    | Lost mutation: You are frail. (-10% HP) [potion of mutation]
 41507 | Zot:5    | Lost mutation: You are dopey. (Int -2) [potion of mutation]
 41507 | Zot:5    | Gained mutation: You have a pair of small antennae on your head. [potion of mutation]
 41507 | Zot:5    | Gained mutation: You are covered in fur. (AC +1) [potion of mutation]
 41508 | Zot:5    | Lost mutation: You are covered in fur. (AC +1) [potion of mutation]
 41508 | Zot:5    | Lost mutation: You are weak. (Str -2) [potion of mutation]
 41508 | Zot:5    | Gained mutation: Armour fits poorly on your strangely shaped body. [potion of mutation]
 41508 | Zot:5    | Lost mutation: Scrolls take you a little longer to read. [potion of mutation]
 41509 | Zot:5    | Lost mutation: Armour fits poorly on your strangely shaped body. [potion of mutation]
 41509 | Zot:5    | Lost mutation: Potions are less effective at restoring your health. [potion of mutation]
 41509 | Zot:5    | Gained mutation: You have sharp toenails. [potion of mutation]
 41509 | Zot:5    | Gained mutation: You are partially covered in iridescent scales. (AC +2) [potion of mutation]
 41536 | Zot:5    | Noticed an orb of fire
 41562 | Zot:5    | Gained mutation: You occasionally shout uncontrollably at your foes. [an orb of fire]
 41565 | Zot:5    | Killed an orb of fire
 41602 | Zot:5    | Got the Orb of Zot
 41952 | D:10     | Noticed Cokhasu the pandemonium lord
 41995 | D:10     | Killed Cokhasu the pandemonium lord
 42225 | D:$      | Escaped with the Orb!

Vault maps used:
D:1:      scummos_arrival_simple_crosswalls
D:2:      first_ration, minmay_misc_feat_iff, grunt_ashenzari_visionary
D:4:      grunt_temple_overflow_order_and_chaos_2, uniq_ijyb, uniq_menkaure
D:5:      grunt_temple_overflow_cloverleaf, kennysheep_mini,
          minmay_temple_entry_overgrown, serial_shops, shop
D:6:      gup_sewer_entry_glass, dk_noncrumbling_4
D:7:      old_forge, minmay_a_box_with_orc_wizards_in_it
D:9:      david_lair_generic, grunt_decor_resistance, grunt_livestock
D:10:     nemelex_altar_shiori
D:11:     basic_altar, lemuel_mausoleum_altar_yredelemnul
D:12:     cheibrodos_shockbox, orc_0_dummy, serial_ice, serial_ice_h,
          serial_ice_l, serial_ice_o, serial_ice_e, lemuel_flamethrower_hall,
          uniq_harold
D:13:     dk_noncrumbling_3, grunt_gozag_statues
D:14:     david_vaults_2, minmay_misc_feat_more_columns,
          minmay_misc_feat_hallway, lemuel_angel_altar
D:15:     hangedman_depths_entry_civil_slaughter, eino_tiny_chamber,
          minmay_strange_pillars, kennysheep_doodads
Temple:   regret_index_temple_waves
Lair:1:   grunt_megastairs_2
Lair:3:   minmay_swamp_entry_worms, lab_entry_generic, grunt_megastairs_4,
          infiniplex_staircase_pool
Lair:4:   guppyfry_snake_entry_island, dpeg_oklob_1
Lair:6:   due_jungle_book, dpeg_slime_entry_enclosed_altar,
          portal_ice_cave_entry_imps, minivault_19, minmay_lair_oklob_items,
          nicolae_lair_grove_arrangements, pond
Swamp:1:  evilmike_swamp_ruin_house_3
Swamp:2:  evilmike_swamp_ruin_house_4, swamp_pool3
Swamp:3:  evilmike_swamp_ruin_house_2, uniq_kirke
Swamp:4:  swamp_pestilence, swamp_pool5
Snake:1:  spider_trap, st_stairs_4, serial_bayou_shore_a, uniq_aizul
Snake:2:  stair_cage_line, grunt_megastairs_3, minmay_shop_star
Snake:3:  nicolae_coiled_stairwell_up
Snake:4:  grunt_snake_rune_pools, st_stairs_5, grunt_ministairs_6, spider_trap
Orc:1:    nicolae_orc_accident_3, nicolae_orc_flooded_monolith,
          chequers_guarded_unrand_ignorance
Orc:2:    st_orc_congregation, serial_shops, shop, statue_in_the_mist_lemuel,
          trog_book
Elf:1:    hangedman_elven_crosses_minicolossus
Elf:2:    billiards_dpeg
Elf:3:    minmay_elf_hall_hex, basic_altar
Vaults:1: nicolae_vaults_network_star, nicolae_vaults_little_squares_6,
          nicolae_vaults_back_hallway, hangedman_vaults_stagger, v_misc_12,
          nicolae_vaults_border_crossing, nicolae_vaults_twisting_passages,
          nicolae_vaults_stairing_the_circle, hangedman_vaults_impose,
          vaults_room_pools, grunt_vaults_hallway_long,
          portal_desolation_entry_ruin, uniq_donald
Vaults:2: v_misc_13, st_octagons_2, nicolae_vaults_network_s, v_misc_10,
          ontoclasm_vaults_gateway, nicolae_vaults_little_squares_4,
          hangedman_vaults_hat, vaults_room_ringed_pool, v_alt_pattern_4,
          serial_ice_h, vaults_mumra_hex, nicolae_vaults_network_quinsquares,
          nicolae_vaults_mini_display_case
Vaults:3: minmay_crypt_entry_nasty_monster, ontoclasm_vaults_idyll,
          ontoclasm_vaults_pinch, v_misc_8, vaults_room_octagon, v_misc_10,
          nicolae_vaults_little_squares_1, nicolae_vaults_angled_halls,
          nicolae_vaults_little_squares_4, v_misc_13, vaults_room_corners
Vaults:4: hangedman_vaults_nodes, grunt_vaults_twisty, v_misc_28, v_misc_27,
          vaults_room_fours, nicolae_vaults_shelves_hall, serial_ice_m,
          grunt_vaults_hallway_short, vaults_room_grunt_arrival_ludios,
          uniq_jorgrun, uniq_sojobo
Vaults:5: uniq_saint_roka
Depths:1: enter_ziggurat_b, kennysheep_another_room, hell_entry, door_vault,
          serial_bayou_shore_b, kennysheep_random_hallway,
          infiniplex_staircase_pool_lava
Depths:2: impenetrable_vault, rand_demon_pan_entry_5, hell_entry,
          grunt_decor_cap, minmay_liquid_box, infiniplex_staircase_zigzag_1
Depths:3: minmay_containers, infiniplex_enter_wizlab_glasses,
          abyss_entry_small_statue_room, special_room, hellmouth_1,
          serial_sigils_hangedman_carve, pan_entry, uniq_nikola, uniq_boris
Depths:4: minmay_quarter_circles, hell_entry, abyss_entry,
          infiniplex_staircase_pillars_3a, hangedman_decor_opposing
Depths:5: evilmike_zot_entry_diamond, hell_entry, okawaru_ov_weapons_minmay,
          serial_bayou_shore_b, minmay_shop_grove, serial_bayou_shore_b
Zot:1:    kennysheep_spiral_hall
Zot:4:    grunt_zot_stairs_mandelzot, grunt_ministairs_15, stair_cage_cross,
          nicolae_transmutations_shop
Zot:5:    basic_stair_grate_trap
Lab:      labyrinth_hidden_loot, nicolae_lab_starburst, nicolae_lab_flowing_pool
Sewer:    sewer_kobolds
IceCv:    ice_cave_caverns_02
WizLab:   wizlab_cloud

Skill      XL: |  1  2  3  4  5  6  7  8  9 10 11 12 13 14 15 16 17 18 19 20 21 22 23 24 25 26 |
---------------+-------------------------------------------------------------------------------+-----
Dodging        | 1 2 3 4 5 6 7 8 9 10 12 13 14 15 16 17 18 19 20 | 20.0
Fighting       | 3 4 5 6 7 8 9 10 11 12 13 14 15 16 17 19 22 24 25 | 25.9
Axes           | 3 4 5 6 8 9 10 11 12 13 14 15 16 17 18 | 18.0
Shields        | 4 5 6 7 8 9 10 11 12 13 14 15 16 17 18 19 20 | 20.0
Armour         | 4 5 6 7 8 9 10 11 12 13 14 15 16 17 18 19 20 | 20.0
Invocations    | 1 2 3 5 7 8 10 11 12 13 14 | 14.0

Action                   |  1- 3 |  4- 6 |  7- 9 | 10-12 | 13-15 | 16-18 | 19-21 | 22-24 | 25-27 || total
-------------------------+-------+-------+-------+-------+-------+-------+-------+-------+-------++-------
Melee: War axe           |   128 |   267 |       |       |       |       |       |       |       ||   395
       Unarmed           |       |     3 |       |       |       |       |       |       |       ||     3
       Hand axe          |       |       |   371 |    36 |    20 |    43 |       |       |       ||   470
       Double sword      |       |       |   104 |   541 |       |       |       |       |       ||   645
       Broad axe         |       |       |       |    99 |  1581 |  1943 |  1910 |  1756 |   574 ||  7863
Throw: Throwing net      |       |       |       |       |     3 |       |       |       |       ||     3
Invok: Lesser Servant of |       |       |       |     4 |     3 |       |       |       |       ||     7
       Greater Servant o |       |       |       |       |    12 |     3 |       |       |       ||    15
 Abil: Heal Wounds       |     1 |     6 |     7 |    13 |    23 |    19 |       |     6 |     3 ||    78
Evoke: Wand              |       |     2 |     8 |     3 |    12 |     1 |     4 |     3 |     3 ||    36
  Use: Scroll            |       |     2 |     9 |     9 |    14 |    13 |     9 |    15 |     2 ||    73
       Potion            |       |     2 |     2 |       |     2 |     9 |       |     2 |    17 ||    34
 Stab: Confused          |       |       |       |     1 |       |     1 |       |       |       ||     2
       Distracted        |       |       |       |       |     8 |     2 |       |     2 |       ||    12
       Sleeping          |       |       |       |       |     1 |     1 |       |       |       ||     2
  Eat: Chunk             |     1 |     3 |    11 |    20 |    43 |    34 |    17 |    11 |       ||   140
       Ration            |       |     1 |       |       |       |       |       |     5 |     1 ||     7
Armor: Scale mail        |    62 |     3 |       |       |       |       |       |       |       ||    65
       Plate armour      |       |   328 |   240 |       |       |   198 |       |       |       ||   766
       Chain mail        |       |       |    63 |   241 |     3 |       |       |       |       ||   307
       Storm dragon scal |       |       |       |    97 |       |   254 |    59 |       |       ||   410
       Quicksilver drago |       |       |       |    59 |   367 |    23 |       |       |       ||   449
       Fire dragon scale |       |       |       |       |       |       |   107 |   345 |    73 ||   525
Dodge: Dodged            |    42 |   126 |   193 |   424 |  1054 |   827 |   566 |  1093 |   272 ||  4597
       Deflected         |       |       |       |       |       |       |    11 |    18 |     9 ||    38
Block: Shield            |    60 |    82 |   296 |   602 |   816 |       |       |       |       ||  1856
       Large shield      |       |       |       |       |   871 |  3120 |  2094 |  2545 |   707 ||  9337
       Rpst.: Double sword |       |       |    26 |    79 |       |       |       |       |       ||   105

Table legend:
 A = Spawn XP
 B = Non-spawn XP
 C = Spawn XP percentage of total XP
 D = Spawn monster count
 E = Non-spawn monster count
 F = Spawn count percentage of total count
 G = Total turns spent on level
                    A         B        C        D         E        F      G
               +---------+---------+-------+---------+---------+-------+---------
         Total |       0 | 1392076 |   0.0 |       0 |    2325 |   0.0 | 42225
               +---------+---------+-------+---------+---------+-------+---------
           D:1 |       0 |       9 |   0.0 |       0 |       5 |   0.0 |   613
           D:2 |       0 |     124 |   0.0 |       0 |      26 |   0.0 |   772
           D:3 |       0 |     262 |   0.0 |       0 |      12 |   0.0 |   726
           D:4 |       0 |     785 |   0.0 |       0 |      31 |   0.0 |  1347
           D:5 |       0 |     839 |   0.0 |       0 |      14 |   0.0 |   566
           D:6 |       0 |     904 |   0.0 |       0 |      23 |   0.0 |   957
           D:7 |       0 |    1398 |   0.0 |       0 |      43 |   0.0 |   660
           D:8 |       0 |    1515 |   0.0 |       0 |      30 |   0.0 |  1163
           D:9 |       0 |    3466 |   0.0 |       0 |      47 |   0.0 |   960
          D:10 |       0 |    3495 |   0.0 |       0 |      20 |   0.0 |   848
          D:11 |       0 |    5476 |   0.0 |       0 |      48 |   0.0 |   690
          D:12 |       0 |    4799 |   0.0 |       0 |      30 |   0.0 |  1032
          D:13 |       0 |   10186 |   0.0 |       0 |      40 |   0.0 |   753
          D:14 |       0 |   17084 |   0.0 |       0 |      47 |   0.0 |   899
          D:15 |       0 |   27911 |   0.0 |       0 |      62 |   0.0 |  1077
        Lair:1 |       0 |    4288 |   0.0 |       0 |      15 |   0.0 |   757
        Lair:2 |       0 |    4800 |   0.0 |       0 |      14 |   0.0 |   788
        Lair:3 |       0 |    5504 |   0.0 |       0 |      23 |   0.0 |   943
        Lair:4 |       0 |    9599 |   0.0 |       0 |      32 |   0.0 |  1032
        Lair:5 |       0 |    4113 |   0.0 |       0 |      12 |   0.0 |   880
        Lair:6 |       0 |   16307 |   0.0 |       0 |      60 |   0.0 |  1362
       Swamp:1 |       0 |    7933 |   0.0 |       0 |      16 |   0.0 |   729
       Swamp:2 |       0 |    6868 |   0.0 |       0 |      15 |   0.0 |   631
       Swamp:3 |       0 |   11548 |   0.0 |       0 |      29 |   0.0 |   639
       Swamp:4 |       0 |   25884 |   0.0 |       0 |      68 |   0.0 |   903
       Snake:1 |       0 |   14717 |   0.0 |       0 |      34 |   0.0 |   740
       Snake:2 |       0 |   24417 |   0.0 |       0 |      47 |   0.0 |   689
       Snake:3 |       0 |   39411 |   0.0 |       0 |      73 |   0.0 |  1157
       Snake:4 |       0 |   73388 |   0.0 |       0 |     121 |   0.0 |  1297
         Orc:1 |       0 |   11166 |   0.0 |       0 |      96 |   0.0 |  1098
         Orc:2 |       0 |   13069 |   0.0 |       0 |     100 |   0.0 |  1395
         Elf:1 |       0 |   19856 |   0.0 |       0 |      33 |   0.0 |   804
         Elf:2 |       0 |   21055 |   0.0 |       0 |      38 |   0.0 |   639
         Elf:3 |       0 |   74626 |   0.0 |       0 |      75 |   0.0 |  1432
      Vaults:1 |       0 |   73866 |   0.0 |       0 |     104 |   0.0 |  1189
      Vaults:2 |       0 |   69821 |   0.0 |       0 |     103 |   0.0 |  1384
      Vaults:3 |       0 |   37232 |   0.0 |       0 |      57 |   0.0 |  1093
      Vaults:4 |       0 |   56221 |   0.0 |       0 |      78 |   0.0 |  1446
      Vaults:5 |       0 |  185074 |   0.0 |       0 |     150 |   0.0 |  1673
      Depths:1 |       0 |   36834 |   0.0 |       0 |      44 |   0.0 |   535
      Depths:2 |       0 |   43182 |   0.0 |       0 |      61 |   0.0 |   371
      Depths:3 |       0 |   14526 |   0.0 |       0 |      14 |   0.0 |    95
      Depths:4 |       0 |    1863 |   0.0 |       0 |       1 |   0.0 |    20
      Depths:5 |       0 |   39693 |   0.0 |       0 |      36 |   0.0 |   317
         Zot:1 |       0 |    1297 |   0.0 |       0 |       1 |   0.0 |    46
         Zot:2 |       0 |    8239 |   0.0 |       0 |       3 |   0.0 |    89
         Zot:3 |       0 |    9833 |   0.0 |       0 |       7 |   0.0 |    64
         Zot:4 |       0 |   53369 |   0.0 |       0 |      26 |   0.0 |   237
         Zot:5 |       0 |  199173 |   0.0 |       0 |      55 |   0.0 |   601
         Zig:1 |       0 |    1176 |   0.0 |       0 |       2 |   0.0 |    26
         Zig:2 |       0 |    2913 |   0.0 |       0 |       2 |   0.0 |    48
         Zig:3 |       0 |    4345 |   0.0 |       0 |       3 |   0.0 |    32
         Zig:4 |       0 |    3251 |   0.0 |       0 |       6 |   0.0 |    39
         Zig:5 |       0 |    3857 |   0.0 |       0 |      11 |   0.0 |    43
         Zig:6 |       0 |    6585 |   0.0 |       0 |      14 |   0.0 |    58
           Lab |       0 |    1059 |   0.0 |       0 |       3 |   0.0 |   240
         Sewer |       0 |     112 |   0.0 |       0 |      10 |   0.0 |   136
         IceCv |       0 |   12662 |   0.0 |       0 |      51 |   0.0 |   573
        WizLab |       0 |   20918 |   0.0 |       0 |      39 |   0.0 |   410
    Desolation |       0 |   38173 |   0.0 |       0 |      65 |   0.0 |   480
               +---------+---------+-------+---------+---------+-------+---------
